 Dungeon Crawl Stone Soup version 0.30-a0-726-gd89dcf765f (webtiles) character file.

Game seed: 3906070844422056689

70401 jimonade the Markself (level 14, -3/88 (90) HPs)
             Began as a Deep Elf Hunter on Jan 29, 2023.
             Was the Champion of Hepliaklqana.
             Slain by an orc warrior
             ... wielding a +0 glaive
             ... led by an orc high priest
              (19 damage)
             ... on level 2 of the Orcish Mines.
             The game lasted 00:56:35 (20472 turns).

jimonade the Markself (Deep Elf Hunter)            Turns: 20472, Time: 00:56:36

HP:   -3/88 (90)    AC:  8    Str: 12    XL:     14   Next: 94%
MP:   32/32         EV: 19    Int: 16    God:    Hepliaklqana [******]
Gold: 2176          SH:  0    Dex: 22    Spells: 29/37 levels left

rFire   . . .      SeeInvis .    a - +1 shortbow (drain)
rCold   . . .      Faith    .    (shield currently unavailable)
rNeg    . . .      Spirit   .    J - +2 leather armour "Leuh" {Harm Str+4 Stlth+}
rPois   +          Reflect  .    t - +1 helmet
rElec   .          Harm     +    c - +0 cloak
rCorr   .          Rampage  .    (no gloves)
Will    +....                    (no boots)
Stlth   +++                      (no amulet)
HPRegen 0.34/turn                O - +4 ring of protection
MPRegen 0.23/turn                X - ring of poison resistance

@: about to teleport, spiked, corroded, lightly drained
A: reduced essence
a: Renounce Religion, Recall Ancestor, Ancestor Identity, Transference, Idealise


You were on level 2 of the Orcish Mines.
You worshipped Hepliaklqana.
Hepliaklqana was exalted by your worship.
You visited 4 branches of the dungeon, and saw 19 of its levels.

You collected 2176 gold pieces.

Inventory:

Hand Weapons
 a - a +1 shortbow of draining (weapon)
 d - a +0 arbalest
 E - a +4 rapier
 K - a +2 short sword of electrocution
Missiles
 w - 4 boomerangs of dispersal
 I - 5 throwing nets
 V - 2 curare-tipped darts
Armour
 c - a +0 cloak (worn)
 g - a +2 robe of willpower
 i - a +0 troll leather armour
 j - a +1 robe of cold resistance
 t - a +1 helmet (worn)
 J - the +2 leather armour "Leuh" (worn) {Harm Str+4 Stlth+}
   (You took it off a gnoll on level 5 of the Dungeon)

   Str:       It affects your strength (+4).
   Harm:      It increases damage dealt and taken.
   Stlth:     It makes you more stealthy.
 L - +0 steam dragon scales
 P - a +2 robe of fire resistance
 R - a +1 leather armour of fire resistance
 Y - +0 acid dragon scales
Magical Staves
 v - a staff of air
 D - a staff of cold
 H - a staff of cold
Jewellery
 r - a ring of ice
 O - a +4 ring of protection (left hand)
 X - a ring of poison resistance (right hand)
Wands
 b - a wand of digging (4)
 u - a wand of charming (9)
 y - a wand of polymorph (10)
 z - a wand of acid (21)
 G - a wand of flame (51)
 N - a wand of iceblast (8)
Scrolls
 e - 10 scrolls of identify
 h - a scroll of summoning
 k - a scroll of amnesia
 m - 2 scrolls of teleportation
 p - 2 scrolls of enchant weapon
 s - 6 scrolls of blinking
 B - 3 scrolls of magic mapping
 S - a scroll of enchant armour
 U - a scroll of fog
Potions
 f - 2 potions of flight
 l - 4 potions of heal wounds
 n - 2 potions of berserk rage
 q - 10 potions of curing
 x - a potion of cancellation {unknown}
 A - 3 potions of magic
 C - 2 potions of haste
 F - a potion of ambrosia
 M - 2 potions of might
 Q - 2 potions of brilliance {unknown}
 T - a potion of invisibility
 W - a potion of resistance {unknown}
Miscellaneous
 o - a lightning rod (4/4)
 Z - a box of beasts


   Skills:
 + Level 16.0 Fighting
 - Level 16.0 Ranged Weapons
 + Level 10.0 Dodging
 - Level 1.2 Stealth
 - Level 12.2 Spellcasting
 * Level 9.6 Hexes
 * Level 5.4 Evocations


You had 29 spell levels left.
You knew the following spells:

 Your Spells              Type           Power      Damage    Failure   Level
a - Slow                  Hex            100%       N/A       1%          1
b - Confusing Touch       Hex            40%        N/A       1%          3
c - Cause Fear            Hex            20%        N/A       1%          4

Your spell library contained the following spells:

 Spells                   Type           Power      Damage    Failure   Level
 Inner Flame              Hex/Fire       25%        N/A       3%          3
 Summon Guardian Golem    Hex/Summ       25%        N/A       3%          3
 Magic Dart               Conj           36%        1d4       10%         1
 Summon Small Mammal      Summ           36%        N/A       10%         1
 Call Imp                 Summ           9%         N/A       14%         2
 Lesser Beckoning         Tloc           18%        N/A       14%         2
 Scorch                   Fire           18%        2d6       14%         2
 Static Discharge         Conj/Air       18%        2-3/arc   14%         2
 Call Canine Familiar     Summ           9%         N/A       28%         3
 Gell's Gravitas          Tloc           9%         N/A       28%         3
 Ignite Poison            Fire/Tmut/Pois 9%         N/A       28%         3
 Kindle Blastsparks       Fire/Tloc/Air  18%        2d11      28%         3
 Mephitic Cloud           Conj/Pois/Air  9%         N/A       28%         3
 Teleport Other           Tloc           9%         N/A       28%         3
 Vampiric Draining        Necr           9%         2d6       28%         3
 Vhi's Electric Charge    Tloc/Air       18%        N/A       28%         3
 Flame Wave               Conj/Fire      9%         2d6       67%         4
 Sticky Flame             Conj/Fire      9%         2d3       67%         4
 Arcjolt                  Conj/Air       4%         1d14      95%         5
 Freezing Cloud           Conj/Ice/Air   4%         6-21      95%         5
 Lightning Bolt           Conj/Air       4%         1d16      95%         5
 Summon Cactus Giant      Summ           4%         N/A       100%        6
 Dragon Form              Tmut           4%         N/A       100%        7
 Ignition                 Fire           4%         3d4       100%        8
 Infestation              Necr           4%         N/A       100%        8
 Dragon's Call            Summ           4%         N/A       100%        9


Dungeon Overview and Level Annotations

Branches:
Dungeon (11/15)            Temple (1/1) D:4            Lair (5/5) D:11
 Shoals (0/4) Lair:2        Snake (0/4) Lair:3        Slime (0/5) Lair:4
    Orc (2/2) D:9             Elf (0/3) Orc:2

Altars:
Ashenzari
Cheibriados
Dithmenos
Elyvilon
Fedhas
Gozag
Hepliaklqana
Kikubaaqudgha
Makhleb
Nemelex Xobeh
Okawaru
Qazlal
Ru
Sif Muna
Trog
Uskayaw
Vehumet
Wu Jian
Xom
Yredelemnul
Zin
The Shining One
Jiyva
Lugonu

Shops:
D:5 (   D:10 *   Orc:1 **

Portals:
Abyss: D:3

Annotations:
D:3 2 runed translucent doors
D:6 2 transporters, Esekla's ghost, novice OpDe
Orc:1 3 runed translucent doors, Rumaargh's ghost, journeyman NaFE


Message History

The orc high priest utters an invocation to Beogh.
Belessunu blocks the orc's attack.
Belessunu hits the orc warrior with a +0 flail!
You shoot an arrow.
The arrow hits the soul eater but does no damage.
The orc barely misses Belessunu.
The orc warrior misses you.
The orc warrior hits you but does no damage.
The orc high priest hits Belessunu with a +0 glaive.
You shoot an arrow. The arrow barely misses the soul eater.
The arrow hits the red devil!
The red devil is moderately wounded.
Belessunu misses the orc high priest.
The soul eater hits you but does no damage.
You shoot an arrow. The arrow hits the soul eater.
The soul eater is lightly wounded.
The red devil hits you but does no damage.
The orc high priest hits Belessunu with a +0 glaive.
The orc warrior misses you.
Belessunu blocks the orc's attack.
The orc warrior closely misses you.
Belessunu hits the orc high priest with a +0 flail!
The soul eater hits you!
You feel drained. The rust devil misses you.
You shoot an arrow. The arrow hits the soul eater.
The soul eater is lightly wounded.
The orc warrior misses you. The orc warrior closely misses you.
The orc high priest invokes the aid of Beogh against you.
Beogh smites you!
The orc closely misses Belessunu.
The red devil hits you from afar with a +0 trident!
Barbed spikes become lodged in your body.
Belessunu hits the orc high priest with a +0 flail!
You are too injured to fight recklessly!
As you read the scroll of teleportation, it crumbles to dust.
You feel strangely unstable. The rust devil hits you.
The rust devil corrodes you! The soul eater closely misses you.
The orc high priest mumbles some strange prayers to Beogh against you.
Beogh smites you!
The orc warrior hits you from afar with a +0 halberd!
* * * LOW HITPOINT WARNING * * *
The orc hits Belessunu with a +0 falchion.
The orc warrior hits you from afar with a +0 glaive!
You die...

.............#
#..........##
###..)..#....#
.#...........##
..........#...#
..........##.##
.....4......##
....oo3......#
....oo.@....##
....oR4...###
...##...### ##
#####


You could see the friendly Belessunu the knight, a soul eater (summoned), an orc
high priest, a rust devil (summoned), a red devil (summoned), 2 orc warriors and
2 orcs.

Vanquished Creatures
  An ettin (Orc:2)
  Fannar (Lair:1)
  2 hydras
  2 ogre magi
  A centaur warrior (Orc:2)
  A death yak (Lair:4)
  9 two-headed ogres
  A catoblepas (Lair:4)
  Erica (D:8)
  Urug (Orc:1)
  Amaemon (D:8)
  An orc knight (Orc:2)
  An orc sorcerer (Orc:1)
  An oklob plant (D:11)
  5 elephants
  A cyclops (D:8)
  3 black mambas
  Maurice (Orc:2)
  11 cane toads
  A rime drake (Lair:4)
  A kobold demonologist (D:8)
  8 komodo dragons
  7 hornets (Lair:5)
  7 polar bears
  2 trolls (D:11)
  13 blink frogs
  3 dream sheep (Lair:5)
  3 slime creatures (D:10)
  A snapping turtle (Lair:2)
  11 spriggans (Lair:5)
  Sigmund (D:2)
  38 yaks
  4 wyverns
  2 steam dragons
  2 basilisks (Lair:3)
  2 nagas (Lair:3)
  3 wargs
  2 acid dragons (D:11)
  13 water moccasins
  Duvessa (D:7)
  19 orc warriors
  2 ice beasts
  A black bear (D:6)
  27 wolves
  25 ogres
  3 boggarts (Lair:5)
  13 centaurs
  A phantom (D:6)
  4 kobold brigands
  9 bullfrogs
  5 scorpions
  4 gnoll sergeants
  5 wights
  Dowan (D:7)
  7 killer bees
  9 howler monkeys
  3 electric eels (D:7)
  15 orc priests
  2 jellies (D:6)
  17 hounds
  5 gnoll boudas
  6 iguanas
  9 orc wizards
  2 hell rats (Lair:3)
  An ogre zombie (D:10)
  42 gnolls
  3 adders
  A shadow imp (D:4)
  2 white imps
  3 ufetubi
  2 worms (D:2)
  3 dart slugs
  46 orcs
  7 ball pythons
  8 bats
  5 endoplasms
  A giant cockroach (D:1)
  3 goblins
  4 hobgoblins
  11 jackals
  28 kobolds
  2 quokkas
  2 frilled lizards
  8 rats
546 creatures vanquished.

Vanquished Creatures (collateral kills)
  2 two-headed ogres
  A death yak (Lair:4)
  An orc knight (Orc:2)
  An ugly thing (D:11)
  5 elephants
  2 black mambas (Lair:4)
  A gargoyle (D:11)
  2 torpor snails (Lair:5)
  6 cane toads
  An orange demon (D:8)
  A rime drake (Lair:4)
  2 komodo dragons
  3 polar bears
  A troll (D:11)
  3 blink frogs
  4 spriggans (Lair:5)
  21 yaks
  A basilisk (Lair:4)
  A naga (Lair:3)
  A warg (Orc:2)
  A two-headed ogre zombie (D:10)
  3 water moccasins
  5 orc warriors
  A black bear (Lair:5)
  A sky beast (D:8)
  A centaur (D:9)
  7 wolves
  7 ogres
  A bullfrog (D:9)
  A gnoll sergeant (D:8)
  3 wights
  3 killer bees (D:9)
  4 howler monkeys
  A hound (D:6)
  An orc priest (Orc:1)
  2 gnoll boudas (D:8)
  5 orc wizards
  4 hell rats (Lair:3)
  A gnoll (D:5)
  A white imp (D:6)
  5 orcs
  3 kobolds
121 creatures vanquished.

Vanquished Creatures (others)
  4 knights
  2 ancestors
  28 fungi
  113 plants
147 creatures vanquished.

Grand Total: 814 creatures vanquished

Notes
Turn   | Place    | Note
-------+----------+-------------------------------------------
     0 | D:1      | jimonade the Deep Elf Hunter began the quest for the Orb.
     0 | D:1      | Reached XP level 1. HP: 12/12 MP: 3/3
    30 | D:1      | Found a faded altar of an unknown god.
    66 | D:1      | Reached XP level 2. HP: 13/16 MP: 4/4
   489 | D:1      | Reached XP level 3. HP: 19/20 MP: 5/5
   972 | D:2      | Noticed Sigmund
   975 | D:2      | Killed Sigmund
   976 | D:2      | Reached XP level 4. HP: 25/25 MP: 6/6
   976 | D:2      | Reached XP level 5. HP: 29/29 MP: 7/7
  1589 | D:3      | Found a shimmering blue altar of Sif Muna.
  1922 | D:3      | Found a large runed translucent door.
  1923 | D:3      | Found a large runed translucent door.
  1925 | D:3      | Found a corrupted altar of Lugonu.
  1961 | D:3      | Found a one-way gate to the infinite horrors of the Abyss.
  2241 | D:4      | Reached XP level 6. HP: 34/34 MP: 8/8
  2317 | D:4      | Reached skill level 10 in Ranged Weapons
  2644 | D:4      | Found a shadowy altar of Dithmenos.
  2942 | D:4      | Found a staircase to the Ecumenical Temple.
  3106 | Temple   | Entered the Ecumenical Temple
  3167 | Temple   | Became a worshipper of Hepliaklqana the Forgotten
  3290 | D:5      | Entered Level 5 of the Dungeon
  3293 | D:5      | Noticed a water moccasin
  3302 | D:4      | Killed a water moccasin
  3309 | D:4      | Reached XP level 7. HP: 17/38 MP: 9/9
  4298 | D:5      | Found a bloodstained altar of Trog.
  4372 | D:5      | Found Ucoe's Antique Weapon Shoppe.
  4393 | D:5      | Found a broken altar of Ashenzari.
  4408 | D:5      | Reached XP level 8. HP: 43/43 MP: 10/10
  4478 | D:5      | Identified the +2 leather armour "Leuh" {Harm Str+4 Stlth+}
  4824 | D:5      | Reached * piety under Hepliaklqana
  4880 | D:5      | Identified the +5 mace "Rugiboatz" {flame, Str+3 Dex-5
                  | SInv}
  5183 | D:5      | Reached skill level 15 in Ranged Weapons
  5467 | D:6      | Found a transporter.
  5469 | D:6      | Found a transporter.
  5470 | D:6      | Noticed Esekla's ghost (novice OpDe)
  5470 | D:6      | Identified the +4 great mace "Boq Gah" {venom, Will+}
  5621 | D:6      | Found an ornate altar of the Wu Jian Council.
  5642 | D:6      | Reached XP level 9. HP: 37/42 MP: 11/11
  5783 | D:6      | Found a basalt altar of Yredelemnul.
  5788 | D:6      | Reached skill level 1 in Spellcasting
  6104 | D:6      | Found a glowing silver altar of Zin.
  7175 | D:7      | Reached skill level 5 in Spellcasting
  7272 | D:7      | Reached skill level 5 in Fighting
  7279 | D:7      | Reached XP level 10. HP: 14/53 MP: 21/21
  7479 | D:7      | Noticed Dowan
  7485 | D:7      | Killed Dowan
  7509 | D:7      | Reached ** piety under Hepliaklqana
  7511 | D:7      | Remembered your ancestor Belessunu as a knight
  7663 | D:7      | Noticed Duvessa
  7671 | D:7      | Killed Duvessa
  7944 | D:8      | Noticed Amaemon
  7946 | D:8      | Noticed an orange demon
  7952 | D:8      | Killed Amaemon
  7959 | D:8      | Killed an orange demon
  8482 | D:8      | Noticed a cyclops
  8493 | D:8      | Killed a cyclops
  8494 | D:8      | Reached XP level 11. HP: 61/61 MP: 26/26
  8754 | D:8      | Reached skill level 5 in Dodging
  8943 | D:8      | Noticed Erica
  8956 | D:8      | Killed Erica
  8957 | D:8      | Reached skill level 10 in Spellcasting
  9620 | D:9      | Reached *** piety under Hepliaklqana
 10207 | D:9      | Found a staircase to the Orcish Mines.
 10601 | D:10     | Entered Level 10 of the Dungeon
 10818 | D:10     | Reached skill level 10 in Fighting
 10943 | D:10     | Noticed a two-headed ogre
 10943 | D:10     | Noticed a two-headed ogre
 10944 | D:10     | Noticed a two-headed ogre
 10952 | D:10     | Killed a two-headed ogre
 10959 | D:10     | Killed a two-headed ogre
 10965 | D:10     | Killed a two-headed ogre
 10966 | D:10     | Reached XP level 12. HP: 66/71 MP: 27/29
 10998 | D:10     | Noticed a two-headed ogre
 11004 | D:10     | Noticed a two-headed ogre
 11006 | D:10     | Noticed an ogre mage
 11010 | D:10     | Killed a two-headed ogre
 11010 | D:10     | Noticed a two-headed ogre
 11012 | D:10     | Killed an ogre mage
 11018 | D:10     | Killed a two-headed ogre
 11027 | D:10     | Killed a two-headed ogre
 11078 | D:10     | Reached **** piety under Hepliaklqana
 11133 | D:10     | Noticed a two-headed ogre
 11140 | D:10     | Killed a two-headed ogre
 11367 | D:10     | Found Afiucw's Assorted Antiques.
 11860 | D:11     | Found a staircase to the Lair.
 12154 | D:11     | Reached skill level 1 in Evocations
 12456 | D:11     | Noticed a two-headed ogre
 12462 | D:11     | Killed a two-headed ogre
 12734 | Lair:1   | Entered Level 1 of the Lair of Beasts
 12858 | Lair:1   | Reached ***** piety under Hepliaklqana
 13000 | Lair:1   | Reached skill level 1 in Hexes
 13083 | Lair:1   | Reached XP level 13. HP: 78/78 MP: 31/31
 13112 | Lair:1   | Noticed Fannar
 13133 | Lair:1   | Killed Fannar
 13930 | Lair:2   | Identified the +3 flail of Triumph {elec, rF- Str+5 Dex+9}
 14088 | Lair:2   | Found a staircase to the Shoals.
 14425 | Lair:3   | Found a staircase to the Snake Pit.
 14837 | Lair:3   | Reached skill level 5 in Hexes
 15066 | Lair:3   | Learned a level 1 spell: Slow
 15070 | Lair:3   | Learned a level 3 spell: Confusing Touch
 15075 | Lair:3   | Learned a level 4 spell: Cause Fear
 15662 | Lair:4   | Found a staircase to the Slime Pits.
 15662 | Lair:4   | Found a viscous altar of Jiyva.
 16533 | Lair:4   | Reached XP level 14. HP: 86/86 MP: 32/32
 16988 | Lair:5   | Entered Level 5 of the Lair of Beasts
 17310 | Lair:5   | Reached skill level 15 in Fighting
 18023 | Lair:5   | Got Mastering Spellwork
 18960 | Orc:1    | Entered Level 1 of the Orcish Mines
 18960 | Orc:1    | Found Loeq's Specific Store.
 19029 | Orc:1    | Noticed Urug
 19040 | Orc:1    | Killed Urug
 19166 | Orc:1    | Found Gaunas's General Store.
 19208 | Orc:1    | Found a runed translucent gate.
 19450 | Orc:1    | Found a runed translucent gate.
 19450 | Orc:1    | Found a runed translucent gate.
 19454 | Orc:1    | Noticed Rumaargh's ghost (journeyman NaFE)
 19456 | Orc:1    | Found an iron altar of Okawaru.
 19479 | Orc:2    | Entered Level 2 of the Orcish Mines
 19479 | Orc:2    | Reached ****** piety under Hepliaklqana
 19570 | Orc:2    | Found a staircase to the Elven Halls.
 19603 | Orc:2    | Reached skill level 5 in Evocations
 20050 | Orc:2    | Reached skill level 10 in Dodging
 20388 | Orc:2    | Noticed Maurice
 20395 | Orc:2    | Killed Maurice
 20472 | Orc:2    | Slain by an orc warrior

Illustrated notes

Levels and vault maps discovered:
D:1:      dpeg_arrival_tiny_i, layout_basic, chequers_ecumenical_altar_simple,
          item_on_display_a
D:2:      layout_loops_ring, uniq_sigmund
D:3:      due_chaos_kobolds, layout_basic, lemuel_doored_altar
D:4:      layout_basic, nicolae_dithmenos_through_a_glass_darkly,
          minmay_temple_entry_nine_rooms, minivault_5, minivault_11,
          kennysheep_boxes
D:5:      layout_cave_pools, mainiacjoe_overflow_tiny_flanked,
          lightli_temple_of_fire, serial_gnoll_camp, gnoll_camp_mini_hut,
          gnoll_camp_mini_house, gnoll_camp_mini_shop, gnoll_camp_huts_moat,
          kennysheep_minor_cross
D:6:      minmay_diamond_boxcup, layout_loops_ring, old_standard_altar,
          mainiacjoe_overflow_alcove_1, mainiacjoe_overflow_small_starburst,
          gammafunk_ghost_smash, hex_tiny, minmay_misc_feat_nine_boxes,
          lightli_corner_chamber
D:7:      layout_basic, chequers_big_river, kennysheep_another_room,
          uniq_duvessa
D:8:      lemuel_castle_with_subvaults [lemuel_castle_interior_original],
          layout_basic, uniq_amaemon, uniq_erica
D:9:      kennysheep_kobold_camp, layout_irregular_city, orc_0_dummy,
          kennysheep_generic_room_14
D:10:     lemuel_ogre_cave, layout_loops_ring, serial_shops, shop,
          evilmike_butchery
D:11:     layout_irregular_city, dpeg_oklobed_lair,
          hangedman_abyss_or_decor_stagger
Temple:   eino_wide_crystal_templ
Lair:1:   layout_regular_city, hibernation_bobbens, serial_bayou_shore_a,
          uniq_fannar
Lair:2:   layout_misc_corridors, minmay_shoals_entry_hut
Lair:3:   layout_layer_cave, nicolae_snake_entry_squirm
Lair:4:   nzn_winding_woodlands_stair_cross [nzn_winding_woodlands_5x15_crooked,
          nzn_winding_woodlands_center_garden,
          nzn_winding_woodlands_5x15_lazy_stream,
          nzn_winding_woodlands_5x5_open_star, nzn_winding_woodlands_5x5_cross,
          nzn_winding_woodlands_5x15_split_checker,
          nzn_winding_woodlands_center_lodge,
          nzn_winding_woodlands_5x15_river_crossing], layout_loops_ring,
          slime_entry_1, serial_bayou_crossing
Lair:5:   minmay_lair_end_enchanted_forest, layout_gridlike,
          infiniplex_staircase_pool
Orc:1:    layout_caves, gammafunk_ghost_fury_of_okawaru, nicolae_specific_store,
          minmay_orc_temple_a, uniq_urug
Orc:2:    st_orc_rangers, layout_caves, special_room, uniq_rupert, uniq_maurice

Skill      XL: |  1  2  3  4  5  6  7  8  9 10 11 12 13 14 |
---------------+-------------------------------------------+-----
Ranged Weapons | 6 8 9 11 13 15 16 | 16.0
Spellcasting   | 6 9 11 12 | 12.2
Fighting       | 5 7 10 12 14 16 | 16.0
Dodging        | 3 4 6 7 9 10 | 10.0
Evocations     | 2 5 |  5.4
Hexes          | 1 6 9 |  9.6
Stealth        | |  1.2

Action                     |  1- 3 |  4- 6 |  7- 9 | 10-12 | 13-15 || total
---------------------------+-------+-------+-------+-------+-------++-------
   Fire: Shortbow          |    74 |    97 |   376 |   666 |   975 ||  2188
   Cast: Cause Fear        |       |       |       |       |     9 ||     9
 Invoke: Recall Ancestor   |       |       |     1 |     1 |     5 ||     7
         Ancestor Life: Kn |       |       |       |     1 |       ||     1
         Idealise          |       |       |       |       |     2 ||     2
    Use: Scroll            |     2 |     3 |     7 |    12 |     4 ||    28
         Potion            |       |       |       |       |     5 ||     5
 Armour: Leather armour    |     7 |     8 |    15 |    19 |    53 ||   102
  Dodge: Dodged            |    25 |    26 |    61 |    51 |   223 ||   386

Table legend: (Time is in decaauts)
 A = Elapsed time spent in this place.
 B = Non-inter-level travel time spent in this place.
 C = Inter-level travel time spent in this place.
 D = Time resting spent in this place.
 E = Time spent auto-exploring this place.
 F = Levels seen in this place.
 G = Mean time per level.
                   A        B        C        D        E       F      G
               +--------+--------+--------+--------+--------+-----+--------+
         Total |  20087 |  18922 |   1165 |   3336 |  11684 |  19 | 1057.2 |
       Dungeon |  12539 |  11717 |    822 |   1891 |   7640 |  11 | 1139.9 |
        Temple |     76 |     52 |     24 |      0 |     40 |   1 |   76.0 |
          Lair |   6026 |   5719 |    307 |    989 |   3507 |   5 | 1205.2 |
  Orcish Mines |   1444 |   1433 |     11 |    455 |    497 |   2 |  722.0 |
               +--------+--------+--------+--------+--------+-----+--------+

Top non-repeatable levels by time:
  Lair:5: 1729 daAuts
     D:4: 1623 daAuts
     D:8: 1542 daAuts
     D:5: 1498 daAuts
     D:7: 1446 daAuts
  Lair:3: 1374 daAuts
  Lair:4: 1329 daAuts
    D:10: 1197 daAuts
  Lair:1: 1081 daAuts
     D:9: 1061 daAuts
     D:6: 1007 daAuts
   Orc:2: 942 daAuts
    D:11: 911 daAuts
     D:1: 857 daAuts
     D:2: 709 daAuts
